 Dungeon Crawl Stone Soup version 0.31-a0-833-gc15d34cb79 (webtiles) character file.

Game seed: 10034904955323735355

9634 Kurtz the Cleaver (level 11, -8/74 HPs)
             Began as an Octopode Fighter on Sept 25, 2023.
             Was a Priest of Makhleb.
             Mangled by a meliai simulacrum (18 damage)
             ... on level 11 of the Dungeon.
             The game lasted 00:19:29 (12032 turns).

Kurtz the Cleaver (Octopode Fighter)               Turns: 12032, Time: 00:19:29

Health: -8/74      AC:  5    Str: 19    XL:     11   Next: 49%
Magic:  15/15      EV: 18    Int: 11    God:    Makhleb [***...]
Gold:   220        SH: 11    Dex: 20    Spells: 12/16 levels left

rFire   . . .        M - +4 war axe of Insufficient Pleasure {holy, rN++ Str+2}
rCold   . . .        g - +0 kite shield
rNeg    + + .        (helmet restricted)
rPois   +            c - amulet of the acrobat
rElec   .            s - ring of see invisible
rCorr   .            B - +4 ring of protection
SInv    +            G - ring of poison resistance
Will    .....        N - +6 ring of dexterity
Stlth   +++          P - +5 ring of evasion
HPRegen 0.32/turn    (no ring)
MPRegen 0.14/turn    (no ring)
                     (no ring)

%: acrobat
@: no status effects
A: almost no armour, amphibious, 8 rings, camouflage 1, gelatinous body 1,
(nimble swimmer 1), tentacles
a: Renounce Religion, Minor Destruction, Lesser Servant of Makhleb


You were on level 11 of the Dungeon.
You worshipped Makhleb.
Makhleb was most pleased with you.
You visited 1 branch of the dungeon, and saw 11 of its levels.
You also visited: Sewer.

You collected 606 gold pieces.
You spent 386 gold pieces at shops.

Inventory:

Hand Weapons
 a - a +0 war axe
 u - a +0 broad axe
 K - a +5 morningstar
 M - the +4 war axe of Insufficient Pleasure (weapon) {holy, rN++ Str+2}
   (You found it on level 9 of the Dungeon)

   Str+2:     It affects your strength (+2).
   rN++:      It greatly protects you from negative energy.
Missiles
 f - a throwing net
 k - 9 curare-tipped darts
 o - 19 poisoned darts (quivered)
Armour
 b - a +0 buckler
 g - a +0 kite shield (worn)
Jewellery
 c - an amulet of the acrobat (around mantle)
 s - a ring of see invisible (left tentacle)
 B - a +4 ring of protection (right tentacle)
 G - a ring of poison resistance (on tentacle)
 L - an amulet of magic regeneration
 N - a +6 ring of dexterity (on tentacle)
 P - a +5 ring of evasion (on tentacle)
Wands
 x - a wand of polymorph (3)
 y - a wand of charming (24)
Scrolls
 d - 3 scrolls of fog
 l - a scroll of immolation
 n - a scroll of fear
 p - 5 scrolls of teleportation {unknown}
 q - 2 scrolls of blinking
 r - a scroll of summoning
 v - a scroll of enchant armour
 A - a scroll of revelation
 F - a scroll of poison {unknown}
 J - a scroll of amnesia {unknown}
 O - a scroll of brand weapon {unknown}
Potions
 e - 4 potions of brilliance
 h - a potion of haste
 i - a potion of attraction
 j - a potion of cancellation {unknown}
 m - 3 potions of curing
 t - a potion of ambrosia {unknown}
 w - 2 potions of heal wounds {unknown}
 z - 3 potions of lignification {unknown}
 C - 2 potions of mutation
 D - a potion of enlightenment {unknown}
 E - a potion of magic
 H - 2 potions of might
 I - 3 potions of berserk rage {unknown}


   Skills:
 * Level 6.4 Fighting
 * Level 13.2 Axes
 - Level 3.2 Dodging
 * Level 6.1 Shields
 * Level 3.0 Spellcasting
 * Level 4.7 Summonings
 * Level 4.5 Ice Magic
 * Level 4.7 Invocations


You had 12 spell levels left.
You knew the following spells:

 Your Spells              Type           Power      Damage    Failure   Level
a - Summon Ice Beast      Ice/Summ       11%        N/A       65%         4

Your spell library contained the following spells:

 Spells                   Type           Power      Damage    Failure   Level
 Summon Small Mammal      Summ           48%        N/A       9%          1
 Call Canine Familiar     Summ           12%        N/A       26%         3
 Shock                    Conj/Air       4%         1d3       52%         1
 Hailstorm                Conj/Ice       6%         3d4       56%         3
 Summon Guardian Golem    Hex/Summ       6%         N/A       56%         3
 Scorch                   Fire           2%         2d5       65%         2
 Swiftness                Air            1%         N/A       87%         3
 Airstrike                Air            0%         2d(1-17)  99%         4
 Flame Wave               Conj/Fire      1%         2d4       99%         4
 Simulacrum               Ice/Necr       3%         N/A       100%        6
 Summon Cactus Giant      Summ           6%         N/A       100%        6


Dungeon Overview and Level Annotations

Branches:
Dungeon (11/15)            Temple (0/1) D:4            Lair (0/5) D:8
  Sewer (visited)
    Orc: D:9-12

Altars:
Dithmenos
Elyvilon
Fedhas
Gozag
Hepliaklqana
Kikubaaqudgha
Makhleb
Nemelex Xobeh
Okawaru
Ru
Sif Muna
Uskayaw
Wu Jian
Xom
Zin
The Shining One

Shops:
D:1 [   D:3 *   D:6 *

Annotations:
D:6 exclusion: steam dragon
D:7 3 runed translucent doors, javelincjr's ghost, amateur DsSh
D:11 exclusion: door, Fannar


Innate Abilities, Weirdness & Mutations

You cannot wear most types of armour.
You are amphibious.
You can wear up to eight rings at the same time.
Your skin changes colour to match your surroundings (Stealth+).
Your rubbery body absorbs attacks. (AC +1, EV +1)
((You are camouflaged when in or above water. (Stealth+)))
You have tentacles for arms and can constrict up to eight enemies at once.


Message History

You start resting.
HP restored.
P - a +5 ring of evasion
P - a +5 ring of evasion (on tentacle)
o - 18 poisoned darts (gained 1)
o - 19 poisoned darts (gained 1)
Okay, then.
Aiming: Polymorph
Press: ? - help, Shift-Dir - straight line, f - electric eel
Aim: an electric eel (asleep, will become an iguana, a killer bee, or a jelly, chance to affect: 57%)
The electric eel resists with significant effort.
You block the meliai simulacrum's attack.
The meliai simulacrum completely misses you.
You closely miss the meliai simulacrum. You grab the meliai simulacrum.
You constrict the meliai simulacrum.
The meliai simulacrum hits you but does no damage. x2
You hit the meliai simulacrum.
The meliai simulacrum convulses.
You tentacle-slap the meliai simulacrum.
The meliai simulacrum is heavily damaged.
You constrict the meliai simulacrum. The meliai simulacrum hits you!
The meliai simulacrum freezes you!! The meliai simulacrum hits you.
The meliai simulacrum freezes you!! The meliai simulacrum misses you.
The meliai simulacrum hits you but does no damage.
You release your grip on the meliai simulacrum.
The meliai simulacrum hits you!
* * * LOW HITPOINT WARNING * * *
The meliai simulacrum freezes you!
* * * LOW HITPOINT WARNING * * *
The meliai simulacrum completely misses you.
Unknown command.
You barely miss the meliai simulacrum. Your grab misses the meliai simulacrum.
You tentacle-slap the meliai simulacrum, but do no damage.
The meliai simulacrum is severely damaged.
You block the meliai simulacrum's attack.
The meliai simulacrum hits you but does no damage.
You block the meliai simulacrum's attack.
The meliai simulacrum hits you.
* * * LOW HITPOINT WARNING * * *
The meliai simulacrum freezes you!!
You die... g

... #..# ##.# ≈~~~.. #..#
##.#.# ~~~~..##..+ +.#.#.
~~~~..:$..# #.#.# ≈~~S.
#...# #.#. ≈~~...##..# #.#
..~.~.....# #.
......###Z#####+#########'
##### #@...............(
########..###.....
#....##......
#....###.....
#.....#......
##.#....#....
##..##..###...
####...###.......
#.......##..####.


You could see a meliai simulacrum.

Vanquished Creatures
  A two-headed ogre (D:10)
  A sixfirhy (D:9)
  A gargoyle (D:7)
  3 trolls
  A polar bear (D:11)
  4 yaks
  Eustachio (D:3)
  A water moccasin (D:6)
  An acid dragon (D:9)
  A swamp drake (D:6)
  5 sky beasts
  2 ice beasts
  4 orc warriors
  3 ogres (D:5)
  A black bear (D:6)
  A centaur (D:9)
  3 wolves
  A phantom (D:5)
  3 kobold brigands
  4 bullfrogs
  A scorpion (D:5)
  A gnoll sergeant (D:9)
  7 wights
  10 killer bees
  A howler monkey (D:9)
  2 electric eels (D:8)
  2 jellies
  4 hounds
  9 orc priests
  A sleepcap (D:7)
  2 iguanas
  8 orc wizards
  12 gnolls
  9 adders
  A shadow imp (D:7)
  2 white imps (D:6)
  7 worms
  5 dart slugs
  43 orcs
  17 endoplasms
  14 giant cockroaches
  9 goblins
  4 hobgoblins
  14 kobolds
  11 quokkas
  19 ball pythons
  4 bats
  12 frilled lizards
  4 rats
277 creatures vanquished.

Vanquished Creatures (collateral kills)
  2 two-headed ogres
  2 trolls
  Grum (D:8)
  A wolf (D:8)
  A centaur (D:9)
  A killer bee (D:8)
  A howler monkey (D:8)
  A gnoll (D:9)
10 creatures vanquished.

Grand Total: 287 creatures vanquished

Notes
Turn   | Place    | Note
-------+----------+-------------------------------------------
     0 | D:1      | Kurtz the Octopode Fighter began the quest for the Orb.
     0 | D:1      | Reached XP level 1. HP: 16/16 MP: 1/1
   112 | D:1      | Reached XP level 2. HP: 21/21 MP: 2/2
   242 | D:1      | Reached skill level 3 in Axes
   345 | D:1      | Reached XP level 3. HP: 26/26 MP: 3/3
   358 | D:1      | Found Mairidd's Armour Emporium.
   470 | D:1      | Found a faded altar of an unknown god.
   759 | D:2      | Reached skill level 4 in Axes
   759 | D:2      | Reached XP level 4. HP: 16/31 MP: 4/4
   843 | D:2      | Found a burning altar of Makhleb.
   883 | D:2      | Became a worshipper of Makhleb the Destroyer
  1490 | D:3      | Reached XP level 5. HP: 29/36 MP: 5/5
  1721 | D:3      | Reached * piety under Makhleb
  1747 | D:3      | Found a glowing drain.
  1755 | Sewer    | Entered a sewer
  1782 | Sewer    | Reached skill level 5 in Axes
  1874 | Sewer    | Reached skill level 1 in Invocations
  1978 | Sewer    | Reached ** piety under Makhleb
  2096 | Sewer    | Reached XP level 6. HP: 34/42 MP: 5/7
  2203 | D:3      | Found Tonainne's Assorted Antiques.
  2206 | D:3      | Bought a scroll labelled OLERGHOI QAPN for 19 gold pieces
  2206 | D:3      | Bought a scroll labelled YLIQUD LIYFF for 19 gold pieces
  2206 | D:3      | Bought a scroll labelled YLIQUD LIYFF for 19 gold pieces
  2206 | D:3      | Bought an amethyst potion for 17 gold pieces
  2361 | D:3      | Found a blossoming altar of Fedhas.
  2361 | D:3      | Found a sparkling altar of Nemelex Xobeh.
  2361 | D:3      | Found a sacrificial altar of Ru.
  2361 | D:3      | Found a shadowy altar of Dithmenos.
  2374 | D:3      | Found a glowing silver altar of Zin.
  2374 | D:3      | Found a white marble altar of Elyvilon.
  2765 | D:3      | Found a shimmering blue altar of Sif Muna.
  2801 | D:4      | Noticed Eustachio
  2854 | D:3      | Killed Eustachio
  2855 | D:3      | Reached skill level 6 in Axes
  2855 | D:3      | Reached XP level 7. HP: 36/46 MP: 8/8
  3126 | D:4      | Learned a level 4 spell: Summon Ice Beast
  3135 | D:4      | Reached skill level 7 in Axes
  3591 | D:4      | Found a staircase to the Ecumenical Temple.
  3602 | D:5      | Entered Level 5 of the Dungeon
  3615 | D:5      | Reached skill level 1 in Summonings
  3615 | D:5      | Reached skill level 1 in Ice Magic
  3836 | D:5      | Reached skill level 8 in Axes
  3836 | D:5      | Reached XP level 8. HP: 49/52 MP: 9/9
  4835 | D:5      | Reached skill level 9 in Axes
  5013 | D:6      | Found an ancient bone altar of Kikubaaqudgha.
  5063 | D:6      | Reached *** piety under Makhleb
  5075 | D:6      | Found a hide-covered altar of Uskayaw.
  6093 | D:6      | Reached skill level 10 in Axes
  6093 | D:6      | Reached XP level 9. HP: 57/57 MP: 10/10
  6113 | D:6      | Found Umuexzicw's Serpentskin Sales.
  6459 | D:7      | Found a runed translucent gate.
  6459 | D:7      | Found a runed translucent gate.
  6459 | D:7      | Found a runed translucent gate.
  6469 | D:7      | Noticed a gargoyle
  6492 | D:7      | Killed a gargoyle
  6711 | D:7      | Found an opulent altar of Gozag.
  6713 | D:7      | Reached skill level 11 in Axes
  6727 | D:7      | Found an iron altar of Okawaru.
  6948 | D:7      | Noticed javelincjr's ghost (amateur DsSh)
  7384 | D:8      | Noticed a two-headed ogre
  7391 | D:8      | Killed a two-headed ogre
  7392 | D:8      | Reached XP level 10. HP: 65/65 MP: 11/11
  7426 | D:8      | Noticed Grum
  7439 | D:8      | Killed Grum
  7440 | D:8      | Reached skill level 1 in Spellcasting
  7563 | D:8      | Reached skill level 5 in Fighting
  7737 | D:8      | Reached skill level 12 in Axes
  7752 | D:8      | Found a staircase to the Lair.
  7778 | D:8      | Reached skill level 5 in Shields
  8147 | D:8      | Found a shimmering altar of Xom.
  8335 | D:6      | Bought a ring of poison resistance for 240 gold pieces
  8337 | D:6      | Bought 5 curare-tipped darts for 72 gold pieces
  8507 | D:9      | Reached **** piety under Makhleb
  8517 | D:9      | Found an ornate altar of the Wu Jian Council.
  9053 | D:9      | Identified the +4 war axe of Insufficient Pleasure {holy,
                  | rN++ Str+2}
  9098 | D:9      | Noticed a two-headed ogre
 10166 | D:9      | Found a runed translucent door.
 10167 | D:9      | Found a burning altar of Makhleb.
 10167 | D:9      | Noticed a sixfirhy
 10181 | D:9      | Killed a sixfirhy
 10182 | D:9      | Reached XP level 11. HP: 40/72 MP: 14/14
 10451 | D:9      | Killed a two-headed ogre
 10567 | D:10     | Entered Level 10 of the Dungeon
 10830 | D:10     | Found a hazy altar of Hepliaklqana.
 11064 | D:10     | Reached skill level 13 in Axes
 11115 | D:10     | Noticed a two-headed ogre
 11124 | D:10     | Killed a two-headed ogre
 11499 | D:10     | Found a glowing golden altar of the Shining One.
 11661 | D:11     | Noticed a death knight
 11661 | D:11     | Noticed a centaur warrior
 11661 | D:11     | Noticed Fannar
 12032 | D:11     | Mangled by a meliai simulacrum

Illustrated notes

Levels and vault maps discovered:
D:1:      minmay_arrival_stair_chambers, layout_basic, serial_shops,
          nicolae_shop_trees, shapermc_ecumenical_altar_mp_vishouse
D:2:      layout_basic, basic_altar
D:3:      layout_loops_corners, nicolae_sif_muna_little_library,
          minmay_overflow_temple_hex, gup_sewer_entry_bubbles, serial_shops,
          nicolae_shop_tiny_real_fake_doors
D:4:      layout_rooms, minmay_temple_entry_enclosed_plants, uniq_eustachio
D:5:      layout_gridville
D:6:      layout_basic, mainiacjoe_overflow_concentric_impassable,
          lemuel_tele_altar, guppyfry_shop_venom
D:7:      layout_rooms, overflow_temple_1_default, kennysheep_okawaru_gauntlet,
          gammafunk_ghost_icy
D:8:      nicolae_moon_pools, layout_rooms, amcnicky_altar_gilded,
          lair_entry_dummy, dk_noncrumbling_2, abandoned_shop, uniq_grum
D:9:      layout_basic, nicolae_wu_jian_wuxing_cycle, nzn_makhleb_speed_demon,
          special_room [special_room_orc]
D:10:     layout_roguey, nicolae_tso_swordbearing_angel,
          mainiacjoe_overflow_surrounded_room
D:11:     minmay_the_grid_3x2 [minmay_the_grid_mess, minmay_the_grid_slots,
          minmay_the_grid_square_x, minmay_the_grid_embedded,
          minmay_the_grid_aliased_spiral,
          minmay_the_grid_prize_four_corners_diamond_b], layout_cave_pools,
          zombieorc2_lemuel, serial_ice, serial_ice_g, serial_ice_m,
          serial_ice_d, serial_ice_j, serial_ice_n, serial_ice_f, uniq_fannar

Skill      XL: |  1  2  3  4  5  6  7  8  9 10 11 |
---------------+----------------------------------+-----
Axes           | 3 4 5 6 8 10 11 12 13 | 13.2
Invocations    | 1 2 3 4 |  4.7
Summonings     | 1 2 3 4 |  4.7
Ice Magic      | 1 2 3 4 |  4.5
Shields        | 4 5 6 |  6.1
Fighting       | 4 5 6 |  6.4
Spellcasting   | 2 3 |  3.0
Dodging        | |  3.2

Action                     |  1- 3 |  4- 6 |  7- 9 | 10-12 || total
---------------------------+-------+-------+-------+-------++-------
  Melee: War axe           |    72 |   139 |       |   120 ||   331
         Constrict         |    17 |    41 |    35 |    49 ||   142
         Tentacles         |     8 |    31 |    37 |    63 ||   139
         Broad axe         |       |    18 |   168 |    94 ||   280
         Punch             |       |     1 |     5 |     7 ||    13
  Throw: Dart              |       |       |     7 |    13 ||    20
 Invoke: Minor Destruction |       |       |    11 |    20 ||    31
         Lesser Servant of |       |       |     1 |    11 ||    12
  Evoke: Wand              |       |       |     8 |     3 ||    11
    Use: Scroll            |       |       |     7 |     3 ||    10
         Potion            |       |       |     4 |     1 ||     5
   Stab: Sleeping          |    11 |    16 |     6 |       ||    33
         Distracted        |       |       |       |     1 ||     1
         Betrayed ally     |       |       |       |     1 ||     1
 Armour: Skin              |    15 |    53 |    91 |   132 ||   291
  Dodge: Dodged            |    30 |    73 |    76 |   123 ||   302
  Block: Buckler           |     6 |       |       |       ||     6
         Kite shield       |    12 |    57 |    67 |   129 ||   265

Table legend: (Time is in decaauts)
 A = Elapsed time spent in this place.
 B = Non-inter-level travel time spent in this place.
 C = Inter-level travel time spent in this place.
 D = Time resting spent in this place.
 E = Time spent auto-exploring this place.
 F = Levels seen in this place.
 G = Mean time per level.
                   A        B        C        D        E       F      G
               +--------+--------+--------+--------+--------+-----+--------+
         Total |  12211 |  11510 |    701 |   3380 |   5676 |  12 | 1017.6 |
       Dungeon |  11782 |  11081 |    701 |   3299 |   5542 |  11 | 1071.1 |
         Sewer |    429 |    429 |      0 |     81 |    134 |   1 |  429.0 |
               +--------+--------+--------+--------+--------+-----+--------+

Top non-repeatable levels by time:
     D:9: 1859 daAuts
     D:6: 1481 daAuts
     D:5: 1473 daAuts
     D:8: 1223 daAuts
     D:3: 1203 daAuts
    D:10: 1105 daAuts
     D:7: 920 daAuts
     D:2: 883 daAuts
     D:4: 706 daAuts
     D:1: 565 daAuts
   Sewer: 429 daAuts
    D:11: 359 daAuts
